 Dungeon Crawl Stone Soup version 0.17-a0-1617-gfba1302 (webtiles) character file.

4090 karlkraus the Blocker (level 10, -10/86 HPs)
             Began as a Minotaur Fighter on Aug 2, 2015.
             Was a Priest of Ru.
             Mangled by an orc warrior
             ... wielding a +0 short sword
              (15 damage)
             ... on level 8 of the Dungeon.
             The game lasted 00:21:37 (6516 turns).

karlkraus the Blocker (Minotaur Fighter)            Turns: 6516, Time: 00:21:37

Health: -10/86     AC: 13    Str: 26 (27) XL:     10   Next: 5%
Magic:  9/9        EV:  8    Int:  9      God:    Ru [***...]
Gold:   566        SH: 12    Dex:  9      Spells: 0 memorised, 9 levels left

rFire  + . .     SeeInvis .     p - +1 mace (crush)
rCold  x x .     Clarity  .     G - +0 plate armour
rNeg   + . .     SustAt   .     c - +0 shield
rPois  .         Gourm    .     (helmet restricted)
rElec  +         Spirit   .     r - +0 cloak
rCorr  .         Warding  +     s - +0 pair of gloves
rMut   .         Stasis   .     v - +0 pair of boots
MR     .....                    B - amulet of warding
Stlth  ..........               C - ring of Yhompeid {rElec rF+ Int+4 Stlth+}
                                y - ring of fire (curse)

@: not resistant to hostile enchantments, extremely unstealthy
A: retaliatory headbutt, hooves 1, horns 2, deformed body, deterioration 1,
strong 1, no stealth, temperature sensitive
a: Draw Out Power, Renounce Religion


You were on level 8 of the Dungeon.
You worshipped Ru.
Ru was most pleased with you.
You were hungry.

You visited 1 branch of the dungeon, and saw 8 of its levels.
You also visited: Sewer.

You collected 566 gold pieces.

Inventory:

Hand weapons
 p - a +1 mace of crushing (weapon)
 J - a cursed -1 flail
Armour
 c - a +0 shield (worn)
 r - a +0 cloak (worn)
 s - a +0 pair of gloves (worn)
 v - a +0 pair of boots (worn)
 G - a +0 plate armour (worn)
Jewellery
 y - a cursed ring of fire (left hand)
 B - an amulet of warding (around neck)
 C - the ring of Yhompeid (right hand) {rElec rF+ Int+4 Stlth+}
   (You found it on level 6 of the Dungeon)

   [ring of stealth]

   It affects your intelligence (+4).
   It protects you from fire.
   It insulates you from electricity.
   It makes you more stealthy.
 H - an uncursed ring of protection from fire {unknown}
 L - a +3 ring of dexterity {unknown}
Magical devices
 b - a wand of enslavement (18)
 t - a wand of polymorph (17)
Scrolls
 a - a scroll of magic mapping
 g - a scroll of recharging
 i - 4 scrolls of remove curse
 k - 2 scrolls of enchant armour
 u - 4 scrolls of identify
 w - a scroll of fear
 x - 9 scrolls of teleportation
Potions
 d - a potion of cancellation {unknown}
 f - 3 potions of brilliance {unknown}
 j - 5 potions of curing {unknown}
 m - a potion of resistance
 n - 3 potions of poison {unknown}
 o - 4 potions of haste {unknown}
 q - 2 potions of degeneration {unknown}
 z - 2 potions of agility {unknown}
 A - 4 potions of flight {unknown}
 E - a potion of cure mutation {unknown}
 F - a potion of invisibility
Books
 D - a book of Burglary

   Spells                             Type                      Level
   a - Swiftness                      Charms/Air                   2
   b - Passwall                       Transmutation/Earth          3
   c - Passage of Golubria            Translocation                4
   d - Lee's Rapid Deconstruction     Earth                        5
   e - Darkness                       Hexes                        6
   f - Invisibility                   Hexes                        6
 I - a book of Air

   Spells                             Type                      Level
   a - Shock                          Conjuration/Air              1
   b - Swiftness                      Charms/Air                   2
   c - Repel Missiles                 Charms/Air                   2
   d - Static Discharge               Conjuration/Air              3
   e - Lightning Bolt                 Conjuration/Air              5
Comestibles
 e - 5 bread rations
 h - 4 beef jerkies
 l - 3 meat rations
 K - 7 slices of pizza


   Skills:
 + Level 7.0 Fighting
 + Level 8.0 Maces & Flails
 + Level 8.9 Armour
 + Level 7.2 Dodging
 + Level 9.6 Shields


You had 9 spell levels left.
You didn't know any spells.

Dungeon Overview and Level Annotations

Branches:
Dungeon (8/15)             Temple (0/1) D:5
   Lair: D:8-11

Altars:
Dithmenos
Ru

Shops:
D:7 (


Innate Abilities, Weirdness & Mutations

You reflexively headbutt those who attack you in melee.
You have a pair of horns on your head.
You cannot be stealthy.
You are sensitive to extremes of temperature (rF-, rC-).
You have large cloven feet.
Armour fits poorly on your strangely shaped body.
Your body sometimes deteriorates upon taking damage.
Your muscles are strong. (Str +2)


Message History

The two-headed ogre hits you with a giant club.
You focus your will and illuminate the two-headed ogre in retribution!
The two-headed ogre hits you with a giant club!
You hit the two-headed ogre but do no damage.
The two-headed ogre is almost dead.
The two-headed ogre hits you with a giant club!
* * * LOW HITPOINT WARNING * * *
The two-headed ogre hits you with a giant club!!
* * * LOW HITPOINT WARNING * * *
Your body deteriorates!
You feel weakened.
An orc warrior comes into view. It is wielding a short sword.
You bludgeon the two-headed ogre!!
You kill the two-headed ogre!
Your Maces & Flails skill increases to level 8!
You have reached level 10!
The iguana is stunned by your will and fails to attack.
An orc comes into view. It is wielding a war axe.
The orc shouts!
The orc warrior hits you with a short sword!
You die...

..........# #.........#
.........$# #.#######.#
....o.).o.# #.# #.#
...######.######.# #.#
#...........# #.#
#...........# #.#
#...........# #.#
#.......o...#######.#
#.......l@..#<......#
###...........#########
#.................
#..................
#..................
#..................
#..(.........######
######.........
###########


You could see an orc warrior, an iguana and an orc.

Vanquished Creatures
  A two-headed ogre (D:8)
  Sigmund (D:2)
  A hippogriff (D:7)
  A human (D:7)
  A yak (D:7)
  Menkaure (D:7)
  Duvessa (D:7)
  An orc warrior (D:7)
  2 sky beasts (D:7)
  5 ogres
  2 ice beasts
  2 phantoms
  3 centaurs (D:7)
  A big kobold (D:7)
  A scorpion (D:6)
  Dowan (D:7)
  3 giant frogs
  A killer bee (D:7)
  5 crimson imps
  3 orc priests (D:7)
  2 gnoll shamans
  A hound (D:7)
  A jelly (D:7)
  5 centaur skeletons
  An iguana (D:6)
  Natasha (thrice) (D:2)
  5 orc wizards
  3 sheep (D:7)
  3 worker ants
  2 hound zombies
  A hound skeleton (D:5)
  19 gnolls
  6 adders
  3 river rats (D:5)
  An adder zombie (D:5)
  5 oozes (Sewer)
  8 worms
  3 giant geckos
  34 orcs
  5 ball pythons
  13 bats
  11 giant cockroaches
  7 goblins
  18 hobgoblins
  23 jackals
  A giant gecko skeleton (D:7)
  3 giant newts
  2 jackal skeletons
  20 kobolds
  A quokka skeleton (D:6)
  6 rats
  2 plants (D:7)
255 creatures vanquished.

Vanquished Creatures (others)
  2 hobgoblins (D:7)
  A kobold (D:7)
  A plant (D:7)
4 creatures vanquished.

Grand Total: 259 creatures vanquished

Notes
Turn   | Place    | Note
--------------------------------------------------------------
     0 | D:1      | karlkraus the Minotaur Fighter began the quest for the Orb.
     0 | D:1      | Reached XP level 1. HP: 19/19 MP: 0/0
   396 | D:1      | Reached skill level 4 in Fighting
   396 | D:1      | Reached XP level 2. HP: 27/27 MP: 1/1
  1006 | D:2      | Reached XP level 3. HP: 25/33 MP: 2/2
  1229 | D:2      | Noticed Natasha
  1241 | D:2      | Killed Natasha
  1241 | D:2      | Reached skill level 1 in Dodging
  1241 | D:2      | Reached XP level 4. HP: 13/40 MP: 3/3
  1393 | D:2      | Noticed Natasha
  1396 | D:2      | Killed Natasha
  1587 | D:2      | You fall through a shaft!
  1646 | D:3      | Reached XP level 5. HP: 28/47 MP: 4/4
  1800 | D:2      | Noticed Sigmund
  1807 | D:2      | Killed Sigmund
  1807 | D:2      | Reached skill level 5 in Armour
  1807 | D:2      | Reached skill level 5 in Shields
  1807 | D:2      | Reached XP level 6. HP: 32/53 MP: 5/5
  1846 | D:2      | Noticed Natasha
  1854 | D:2      | Killed Natasha
  2521 | D:4      | Found a sacrificial altar of Ru.
  2556 | D:4      | Became a worshipper of Ru the Awakened
  3119 | D:5      | Entered Level 5 of the Dungeon
  3197 | D:5      | Reached XP level 7. HP: 50/60 MP: 6/6
  3225 | D:5      | Found a glowing drain.
  3236 | Sewer    | Entered a sewer
  3656 | Sewer    | Reached skill level 5 in Fighting
  3894 | D:5      | Reached skill level 6 in Shields
  3897 | D:5      | Gained mutation: You cannot be stealthy. [Ru sacrifice]
  3963 | D:5      | Found a staircase to the Ecumenical Temple.
  4110 | D:5      | Found a shadowy altar of Dithmenos.
  4554 | D:6      | Reached XP level 8. HP: 59/69 MP: 7/7
  4607 | D:6      | Reached skill level 5 in Maces & Flails
  4607 | D:6      | Reached skill level 5 in Dodging
  4703 | D:6      | Reached skill level 7 in Shields
  4748 | D:6      | Got a warped jade ring
  5408 | D:7      | Noticed Menkaure
  5412 | D:7      | Killed Menkaure
  5458 | D:7      | Found Yloe's Antique Weapon Shop.
  5497 | D:7      | Reached XP level 9. HP: 61/75 MP: 8/8
  5550 | D:7      | Gained mutation: You are sensitive to extremes of temperature (rF-, rC-). [Ru sacrifice]
  5550 | D:7      | Acquired Ru's first power
  5550 | D:7      | Acquired Ru's second power
  5550 | D:7      | Acquired Ru's third power
  5591 | D:7      | Reached skill level 8 in Shields
  5601 | D:7      | Gained mutation: Your muscles are strong. (Str +2) [mutagenic meat]
  5602 | D:7      | Gained mutation: Your body sometimes deteriorates upon taking damage. [mutagenic meat]
  5603 | D:7      | Gained mutation: Armour fits poorly on your strangely shaped body. [mutagenic meat]
  5604 | D:7      | Gained mutation: You have large cloven feet. [mutagenic meat]
  5605 | D:7      | Gained mutation: You are dopey. (Int -2) [mutagenic meat]
  5606 | D:7      | Lost mutation: You are dopey. (Int -2) [mutagenic meat]
  5608 | D:7      | Identified the ring of Yhompeid {rElec rF+ Int+4 Stlth+} (You found it on level 6 of the Dungeon)
  5816 | D:7      | Noticed Duvessa
  5816 | D:7      | Noticed Dowan
  6011 | D:7      | Killed Dowan
  6057 | D:7      | Killed Duvessa
  6057 | D:7      | Reached skill level 9 in Shields
  6502 | D:8      | HP: 2/79 [two-headed ogre/giant club (18)]
  6503 | D:8      | Reached XP level 10. HP: 2/86 MP: 9/9
  6516 | D:8      | Mangled by an orc warrior

Vault maps used:
D:1:      scummos_arrival_simple_crosswalls, st_stairs_6, hex_large
D:2:      minmay_kobold_bridge, kennysheep_boxes, uniq_natasha, uniq_sigmund
D:4:      nicolae_ru_sacrificial_ziggurat, eino_tiny_chamber
D:5:      temple_pool_b, first_bread, basic_altar, portal_sewer_entry_e
D:7:      kennysheep_housing_project, serial_shops, shop, grunt_livestock,
          uniq_menkaure, uniq_duvessa
Sewer:    sewer_fruit_machine

Action                   |  1- 3 |  4- 6 |  7- 9 | 10-12 || total
-------------------------+-------+-------+-------+-------++-------
Melee: Flail             |    91 |    42 |       |       ||   133
       Mace              |       |   144 |   447 |       ||   591
Invok: Sacrifice Stealth |       |       |     1 |       ||     1
       Sacrifice Resista |       |       |     1 |       ||     1
  Use: Potion            |       |     1 |     2 |       ||     3
       Scroll            |       |     1 |     9 |       ||    10
 Stab: Invisible         |       |       |     7 |       ||     7
       Distracted        |       |       |     2 |       ||     2
  Eat: Chunk             |     1 |     6 |    15 |       ||    22
       Beef jerky        |       |       |     2 |       ||     2
